 Dungeon Crawl Stone Soup version 0.29.1 (webtiles) character file.

Game seed: 17212275894398327821

25 safid the Shooter (level 2, 0/26 HPs)
             Began as a Minotaur Hunter on Sept 13, 2022.
             Succumbed to an adder's poison
             ... on level 2 of the Dungeon.
             The game lasted 00:01:21 (701 turns).

safid the Shooter (Minotaur Hunter)                  Turns: 701, Time: 00:01:21

Health: 0/26       AC:  3    Str: 15    XL:     2   Next: 86%
Magic:  1/1        EV: 12    Int:  6    God:
Gold:   55         SH:  0    Dex: 13    Spells: 1/1 levels left

rFire   . . .      SeeInvis .   a - +0 shortbow
rCold   . . .      Faith    .   (shield currently unavailable)
rNeg    . . .      Spirit   .   c - +0 leather armour
rPois   .          Reflect  .   (helmet restricted)
rElec   .          Harm     .   (no cloak)
rCorr   .          Rampage  .   (no gloves)
Will    .....                   (no boots)
Stlth   +.........              (no amulet)
HPRegen 0.08/turn               (no ring)
MPRegen 0.07/turn               (no ring)

@: lethally poisoned (0 -> -1)
A: horns 2, retaliatory headbutt
a: no special abilities


You were on level 2 of the Dungeon.
You visited 1 branch of the dungeon, and saw 2 of its levels.

You collected 55 gold pieces.

Inventory:

Hand Weapons
 a - a +0 shortbow (weapon)
Armour
 c - a +0 leather armour (worn)
Scrolls
 b - a scroll of immolation
 e - a scroll of noise {unknown}
 f - a scroll of enchant weapon {unknown}
 h - a scroll of blinking {unknown}
 i - 3 scrolls of butterflies {unknown}


   Skills:
 + Level 3.1 Fighting
 + Level 4.7 Ranged Weapons
 + Level 2.8 Dodging
 - Level 0.7 Stealth


You had one spell level left.
You didn't know any spells.
Your spell library was empty.

Dungeon Overview and Level Annotations

Branches:
Dungeon (2/15)

Altars:

Shops:
D:1 (


Innate Abilities, Weirdness & Mutations

You have a pair of horns on your head.
You reflexively headbutt those who attack you in melee.


Message History

You headbutt the adder, but do no damage.
The adder bites you.
You shoot an arrow. The arrow barely misses the adder.
You feel sick. The adder completely misses you.
You shoot an arrow. The arrow closely misses the adder.
You feel sick. The adder closely misses you. The adder bites you.
You are more poisoned.
The adder poisons you!
You shoot an arrow. The arrow closely misses the adder.
You feel sick. The adder bites you but does no damage.
The adder closely misses you.
You are too injured to fight recklessly!
You are too injured to fight recklessly!
Unknown command.
Fire: a) +0 shortbow
Press: ? - help, Q - select action Shift-Dir - straight line, f/p - adder
Aim: an adder (moderately wounded, 42% to hit)
You shoot an arrow. The arrow hits the adder.
The adder is heavily wounded.
You feel sick. The adder bites you. x2
Fire: a) +0 shortbow
Press: ? - help, Q - select action Shift-Dir - straight line, f/p - adder
Aim: an adder (heavily wounded, 42% to hit)
You shoot an arrow. The arrow misses the adder.
You feel sick. The adder closely misses you.
Unknown command.
It was a potion of flight.
You feel very buoyant.
You fly up into the air.
You feel sick. The adder bites you but does no damage.
It was a potion of cancellation.
Your magical effects are unravelling.
You feel magically purged.
You float gracefully downwards.
You feel sick. The adder misses you. The adder bites you.
* * * LOW HITPOINT WARNING * * *
You are too injured to fight recklessly!
You are too injured to fight recklessly!
Fire: a) +0 shortbow
Press: ? - help, Q - select action Shift-Dir - straight line, f/p - adder
Aim: an adder (heavily wounded, 42% to hit)
You shoot an arrow. The arrow completely misses the adder.
You die...

.###.....†..####.##.##
..
.....###..###...##...
.#
............#..####...#
#
...#######[...####...##
#.# ###............ ..
.....###......###
......##.###..##
................
.......S@.......
........).....>.
...............
.......!.......
.....#.........
...............
...............
...............


You could see an adder.

Vanquished Creatures
  A dart slug (D:1)
  3 endoplasms
  2 goblins
  2 hobgoblins
  3 kobolds
  2 quokkas
  4 ball pythons (D:1)
  4 bats (D:1)
  A frilled lizard (D:2)
  A rat (D:1)
23 creatures vanquished.

Notes
Turn   | Place    | Note
-------+----------+-------------------------------------------
     0 | D:1      | safid the Minotaur Hunter began the quest for the Orb.
     0 | D:1      | Reached XP level 1. HP: 18/18 MP: 0/0
   106 | D:1      | Reached XP level 2. HP: 24/25 MP: 1/1
   415 | D:1      | Found Qimoowae's Weapon Shop.
   700 | D:2      | HP: 1/26 [adder (4)]
   701 | D:2      | Succumbed to an adder's poison

Illustrated notes

Levels and vault maps discovered:
D:1:      dpeg_arrival_shrine, layout_basic, serial_shops,
          nicolae_shop_bloodbath_and_beyond
D:2:      layout_rooms, shapermc_ecumenical_altar_acropolis, basic_altar,
          uniq_crazy_yiuf_cottage

Skill      XL: |  1  2 |
---------------+-------+-----
Fighting       | 3 |  3.1
Ranged Weapons | |  4.7
Dodging        | |  2.8
Stealth        | |  0.7

Action                   || total
-------------------------++-------
 Fire: Shortbow          ||    65
  Use: Potion            ||     2
Armor: Leather armour    ||     4
Dodge: Dodged            ||    23
